 Dungeon Crawl Stone Soup version 0.24-a0-580-g6a6c3f83c1 (webtiles) character file.

Game seed: 1678086432146310908

51 Gynju the Shooter (level 3, 0/28 HPs)
             Began as a Centaur Arcane Marksman on Aug 21, 2019.
             Succumbed to an adder's poison
             ... on level 2 of the Dungeon.
             The game lasted 00:03:08 (2577 turns).

Gynju the Shooter (Centaur Arcane Marksman)         Turns: 2577, Time: 00:03:08

Health: 0/28       AC:  6    Str: 13    XL:     3   Next: 58%
Magic:  4/4        EV:  8    Int: 12    God:
Gold:   76         SH:  0    Dex:  9    Spells: 3/4 levels left

rFire    . . .     SeeInvis .   i - +0 whip
rCold    . . .     Gourm    .   (no shield)
rNeg     . . .     Faith    .   j - +0 ring mail
rPois    .         Spirit   .   (no helmet)
rElec    .         Reflect  .   k - +0 cloak
rCorr    .         Harm     .   (no gloves)
MR       .....                  (no barding)
Stlth    ..........             (no amulet)
HPRegen  0.09/turn              (no ring)
MPRegen  0.09/turn              (no ring)

@: lethally poisoned (0 -> -6), very quick
A: large, hooves 3, deformed body, speed 2, tough skin 3
a: no special abilities


You were on level 2 of the Dungeon.
You were not hungry.

You visited 1 branch of the dungeon, and saw 2 of its levels.

You collected 76 gold pieces.

Inventory:

Hand Weapons
 a - a +0 shortbow
 i - a +0 whip (weapon)
Missiles
 d - 19 arrows
Armour
 j - a +0 ring mail (worn)
 k - a +0 cloak (worn)
Scrolls
 b - 2 scrolls of remove curse {unknown}
 c - a scroll of magic mapping {unknown}
 h - a scroll of identify {unknown}
 l - 2 scrolls of noise {unknown}
 m - a scroll of fear {unknown}
Potions
 e - a potion of curing
 g - a potion of haste {unknown}
Comestibles
 f - 5 rations
 n - 2 chunks of flesh


   Skills:
 - Level 1.0 Fighting
 + Level 5.4 Bows
 - Level 1.3 Dodging
 - Level 1.0 Spellcasting
 - Level 2.6 Hexes


You had 3 spell levels left.
You knew the following spells:

 Your Spells              Type           Power        Failure   Level  Hunger
a - Corona                Hex            #......      22%         1    ##.....

Your spell library contained the following spells:

 Spells                   Type           Power        Failure   Level  Hunger
 Slow                     Hex            #.......     32%         2    ###....
 Inner Flame              Hex/Fire       #.......     75%         3    ####...
 Portal Projectile        Hex/Tloc       #.....       75%         3    ####...
 Cause Fear               Hex            #.........   91%         4    #####..
 Leda's Liquefaction      Hex/Erth       #.........   98%         4    #####..


Dungeon Overview and Level Annotations

Branches:
Dungeon (2/15)

Altars:


Innate Abilities, Weirdness & Mutations

You have hooves in place of feet.
Armour fits poorly on your strangely shaped body.
You cover ground very quickly.
You have extremely tough skin. (AC +3)


Message History

You feel sick. The adder bites you but does no damage.
The frilled lizard bites you.
* * * LOW HITPOINT WARNING * * *
The adder closely misses you.
You closely miss the adder. Your kick misses the adder.
The adder is almost dead.
* * * LOW HITPOINT WARNING * * *
You feel sick. The frilled lizard barely misses you.
The adder closely misses you.
The frilled lizard bites you but does no damage.
You barely miss the adder.
The adder is almost dead.
* * * LOW HITPOINT WARNING * * *
You feel sick. The adder bites you but does no damage.
The frilled lizard barely misses you.
You closely miss the adder. You kick the adder.
You kill the adder!
The frilled lizard bites you but does no damage.
A kobold comes into view.
You die...

#.###.# #.# ##.#
#..# #.## #.
#.########
##.####.........
#...l....#######
#.....@..#
#........#
..............
..............#
...........##...
...........# ##.
...........#
.K........#


You could see a kobold (sleeping) and a frilled lizard.

Vanquished Creatures
  3 adders
  A dart slug (D:2)
  7 bats
  A goblin (D:1)
  5 hobgoblins
  3 frilled lizards (D:1)
  3 kobolds (D:1)
  3 rats (D:1)
26 creatures vanquished.

Notes
Turn   | Place    | Note
-------+----------+-------------------------------------------
     0 | D:1      | Gynju the Centaur Arcane Marksman began the quest for the
                  | Orb.
     0 | D:1      | Reached XP level 1. HP: 16/16 MP: 2/2
   172 | D:1      | Reached skill level 3 in Bows
   597 | D:1      | Reached XP level 2. HP: 23/23 MP: 3/3
   815 | D:1      | Reached skill level 4 in Bows
  1438 | D:2      | Reached XP level 3. HP: 4/28 MP: 4/4
  2195 | D:1      | Reached skill level 5 in Bows
  2197 | D:1      | HP: 1/28 [poisoned by an adder]
  2575 | D:2      | HP: 1/28 [poisoned by an adder]
  2577 | D:2      | Succumbed to an adder's poison

Levels and vault maps discovered:
D:1:      kilobyte_arrival_exit_the_forest, layout_loops_corners,
          serial_bayou_lagoon_a
D:2:      layout_rooms

Skill      XL: |  1  2  3 |
---------------+----------+-----
Bows           | 3 4 5 |  5.4
Fighting       | |  1.0
Dodging        | |  1.3
Spellcasting   | |  1.0
Hexes          | |  2.6

Action                   || total
-------------------------++-------
Melee: Unarmed           ||    14
       Club              ||     6
       Whip              ||   126
       Kick              ||    17
 Fire: Shortbow          ||     9
  Use: Potion            ||     1
  Eat: Chunk             ||     1
       Ration            ||     1
Armor: Robe              ||    27
       Ring mail         ||   110
Dodge: Dodged            ||    95

Table legend:
 A = Non-vault XP
 B = Vault XP
 C = Vault XP percentage of total XP
 D = Non-vault monster count
 E = Vault monster count
 F = Vault count percentage of total count
                 A         B        C        D         E       F
            +---------+---------+-------+---------+---------+-------
      Total |      74 |       0 |   0.0 |      26 |       0 |   0.0
            +---------+---------+-------+---------+---------+-------
        D:1 |      41 |       0 |   0.0 |      21 |       0 |   0.0
        D:2 |      33 |       0 |   0.0 |       5 |       0 |   0.0
            +---------+---------+-------+---------+---------+-------
